 Seeded DCSS version 0.29.1-15-g9cfb28693d (webtiles) character file.

Game seed: 1005979220513258592 (custom seed)

132 Psyclone the Magician (level 4, -1/36 HPs)
             Began as a Deep Elf Fire Elementalist on Sept 21, 2023.
             Slain by a gnoll
             ... wielding a +0 spear
             ... led by a gnoll bouda
              (4 damage)
             ... on level 4 of the Dungeon.
             The game lasted 00:04:11 (3978 turns).

Psyclone the Magician (Deep Elf Fire Elementalist)  Turns: 3978, Time: 00:04:12

Health: -1/36      AC: 22    Str:  5    XL:     4   Next: 92%
Magic:  12/12      EV:  2    Int: 22    God:
Gold:   241        SH:  0    Dex: 15    Spells: 11/12 levels left

rFire   . . .      SeeInvis .   o - +0 dagger (speed)
rCold   . . .      Faith    .   (no shield)
rNeg    . . .      Spirit   .   (body armour currently unavailable)
rPois   +          Reflect  .   (helmet currently unavailable)
rElec   .          Harm     .   (cloak currently unavailable)
rCorr   .          Rampage  .   (gloves currently unavailable)
Will    .....      NoTele   +   (boots currently unavailable)
Stlth   ++........              (no amulet)
HPRegen 0.12/turn               n - ring of poison resistance
MPRegen 0.13/turn               (no ring)

@: tree-form, hasted, very quick
A: stationary, stasis, torment immunity, boosted hp
a: no special abilities


You were on level 4 of the Dungeon.
You were a tree.
You visited 1 branch of the dungeon, and saw 4 of its levels.

You collected 241 gold pieces.

Inventory:

Hand Weapons
 o - a +0 dagger of speed (weapon)
Armour
 a - a +0 robe (melded)
 m - a +0 pair of boots (melded)
 q - a +0 cloak (melded)
Jewellery
 n - a ring of poison resistance (left branch)
Scrolls
 f - 2 scrolls of acquirement {unknown}
 g - 2 scrolls of enchant weapon {unknown}
 i - a scroll of immolation {unknown}
 j - 3 scrolls of vulnerability {unknown}
 l - 2 scrolls of identify {unknown}
Potions
 b - a potion of magic
 c - 2 potions of cancellation {unknown}
 d - 2 potions of lignification
 h - a potion of mutation {unknown}
 k - a potion of resistance {unknown}
 p - 3 potions of might {unknown}
 r - a potion of attraction {unknown}
 s - a potion of curing {unknown}
 t - a potion of heal wounds {unknown}


   Skills:
 - Level 2.4 Dodging
 - Level 2.4 Stealth
 + Level 4.7 Spellcasting
 + Level 3.1 Conjurations
 + Level 4.4 Fire Magic


You had 11 spell levels left.
You knew the following spells:

 Your Spells              Type           Power      Damage    Failure   Level
a - Foxfire               Conj/Fire      84%        2x1d8     2%          1

Your spell library contained the following spells:

 Spells                   Type           Power      Damage    Failure   Level
 Scorch                   Fire           48%        2d7       2%          2
 Conjure Flame            Conj/Fire      21%        6-21      7%          3
 Inner Flame              Hex/Fire       15%        N/A       13%         3
 Blink                    Tloc           10%        N/A       16%         2
 Flame Wave               Conj/Fire      21%        2d8       22%         4
 Lesser Beckoning         Tloc           5%         N/A       30%         3
 Manifold Assault         Tloc           5%         N/A       96%         5


Dungeon Overview and Level Annotations

Branches:
Dungeon (4/15) Zot: 20022
 Temple: D:4-7

Altars:


Message History

Your +0 cloak melds into your body.
Your +0 pair of boots melds into your body.
Your +0 robe melds into your body.
Your roots penetrate the ground.
The gnoll hits you but does no damage.
You now have 10/36 hp.
You hit the gnoll.
The gnoll is heavily wounded.
You hit the gnoll but do no damage.
The gnoll is heavily wounded.
The gnoll completely misses you. The gnoll hits you but does no damage.
You closely miss the gnoll.
The gnoll is heavily wounded.
You barely miss the gnoll.
The gnoll is heavily wounded.
The gnoll hits you but does no damage. x2
You hit the gnoll but do no damage.
The gnoll is heavily wounded.
The gnoll hits you but does no damage. x2
You hit the gnoll.
The gnoll is severely wounded.
You closely miss the gnoll.
The gnoll is severely wounded.
The gnoll hits you but does no damage.
The gnoll hits you from afar with a +0 spear.
* * * LOW HITPOINT WARNING * * *
You take 5 damage, and have 5/36 hp.
You barely miss the gnoll.
The gnoll is severely wounded.
The gnoll hits you but does no damage. x2
You barely miss the gnoll.
The gnoll is severely wounded.
It was a potion of haste.
You feel yourself speed up. The gnoll hits you with a +0 club.
* * * LOW HITPOINT WARNING * * *
The gnoll hits you but does no damage.
You take 2 damage, and have 3/36 hp.
You barely miss the gnoll.
The gnoll is severely wounded.
The gnoll hits you from afar with a +0 spear.
You die...

#.##########.$....
#.#.......##......
#.#.#####.##.#####
#.#.#<....##..
#.#.#############
#J#.............#
#g#############.#
#g# #.# #♣# #.#
#.#############.#
#...............#
#################


You could see 2 gnolls and an endoplasm.

Vanquished Creatures
  Crazy Yiuf (D:2)
  Jessica (D:2)
  An adder (D:2)
  5 worms
  5 ball pythons
  3 bats
  6 endoplasms
  2 giant cockroaches (D:1)
  5 goblins
  7 hobgoblins
  2 jackals (D:1)
  A quokka (D:2)
  3 frilled lizards (D:1)
  4 kobolds
  5 rats
51 creatures vanquished.

Vanquished Creatures (others)
  314 foxfires
314 creatures vanquished.

Grand Total: 365 creatures vanquished

Notes
Turn   | Place    | Note
-------+----------+-------------------------------------------
     0 | D:1      | Psyclone the Deep Elf Fire Elementalist began the quest for
                  | the Orb.
     0 | D:1      | Reached XP level 1. HP: 10/10 MP: 6/6
   690 | D:1      | Reached XP level 2. HP: 7/15 MP: 4/8
  1631 | D:2      | Reached XP level 3. HP: 19/19 MP: 5/10
  1792 | D:2      | Noticed Jessica
  1795 | D:2      | Killed Jessica
  2113 | D:2      | Reached XP level 4. HP: 24/24 MP: 6/12
  2553 | D:2      | Found a runed translucent door.
  2554 | D:2      | Noticed Crazy Yiuf
  2578 | D:2      | Killed Crazy Yiuf
  3173 | D:3      | Found a faded altar of an unknown god.
  3978 | D:4      | Slain by a gnoll

Illustrated notes

Levels and vault maps discovered:
D:1:      lemuel_arrival_hallway, layout_basic,
          amcnicky_mini_rare_corridor_liquid
D:2:      layout_rooms, dk_noncrumbling_3, chequers_serial_rivers_room_a,
          uniq_crazy_yiuf_cottage, uniq_jessica
D:3:      layout_basic, hellmonk_ecumenical_altar_pennies_from_heaven,
          grunt_ministairs_3
D:4:      layout_basic, yredelemnul_forgotten_temple_becter,
          nicolae_shop_overcharged_wands, uniq_menkaure

Skill      XL: |  1  2  3  4 |
---------------+-------------+-----
Conjurations   | 2 3 |  3.1
Spellcasting   | 4 |  4.7
Fire Magic     | 4 |  4.4
Dodging        | |  2.4
Stealth        | |  2.4

Action                   |  1- 3 |  4- 6 || total
-------------------------+-------+-------++-------
Melee: Unarmed           |     1 |       ||     1
       Dagger            |       |    10 ||    10
 Cast: Foxfire           |   107 |    73 ||   180
  Use: Potion            |       |     2 ||     2
 Stab: Sleeping          |     1 |       ||     1
Armor: Robe              |     2 |     2 ||     4
       Skin              |       |    10 ||    10
Dodge: Dodged            |    23 |     6 ||    29
